 Dungeon Crawl Stone Soup version 0.23-a0-32-g1388f29 (webtiles) character file.

663 tilp the Chiller (level 7, 0/50 (51) HPs)
             Began as a Merfolk Ice Elementalist on Aug 4, 2018.
             Was an Initiate of Makhleb.
             Slain by an orc warrior
             ... wielding a +0 war axe
              (22 damage)
             ... on level 5 of the Dungeon.
             The game lasted 00:15:09 (5778 turns).

tilp the Chiller (Merfolk Ice Elementalist)         Turns: 5778, Time: 00:15:10

HP:   0/50 (51)     AC:  3    Str:  8    XL:     7   Next: 56%
MP:   2/11          EV: 14    Int: 17    God:    Makhleb [......]
Gold: 278           SH:  0    Dex: 14    Spells: 6/12 levels left

rFire    . . .     SeeInvis .   K - +2 falchion (elec)
rCold    . . .     Gourm    .   (no shield)
rNeg     . . .     Faith    .   a - +0 robe
rPois    .         Spirit   .   (no helmet)
rElec    .         Reflect  .   G - +0 cloak
rCorr    .         Harm     .   (no gloves)
MR       .....                  (no boots)
Stlth    ++........             (no amulet)
HPRegen  0.16/turn              (no ring)
MPRegen  0.12/turn              (no ring)

@: no status effects
A: change form in water, swift swim, stealthy swim
a: Renounce Religion


You were on level 5 of the Dungeon.
You worshipped Makhleb.
Makhleb was noncommittal.
You were not hungry.

You visited 2 branches of the dungeon, and saw 7 of its levels.

You collected 278 gold pieces.

Inventory:

Hand Weapons
 o - a +0 halberd
 y - a +0 trident
 B - a +0 spear
 K - a +2 falchion of electrocution (weapon)
Missiles
 f - 211 stones
 n - 18 poisoned needles
 r - 43 sling bullets
 F - 8 tomahawks (quivered)
Armour
 a - a +0 robe (worn)
 s - a +2 scale mail of positive energy
 G - a +0 cloak (worn)
Jewellery
 b - an uncursed ring of protection from magic {unknown}
 g - an uncursed ring of magical power {unknown}
 I - an uncursed ring of protection from fire {unknown}
Wands
 t - a wand of paralysis (17)
 A - a wand of digging (13)
Scrolls
 e - 5 scrolls of teleportation
 h - a scroll of enchant weapon {unknown}
 i - 2 scrolls of enchant armour {unknown}
 j - 2 scrolls of amnesia {unknown}
 p - 3 scrolls of remove curse {unknown}
 q - 2 scrolls of fog {unknown}
 x - 3 scrolls of magic mapping {unknown}
 D - 2 scrolls of blinking {unknown}
 J - a scroll of random uselessness {unknown}
Potions
 d - a potion of lignification
 k - 2 potions of flight
 l - a potion of brilliance
 m - 2 potions of agility
 u - a potion of mutation
 v - 2 potions of curing
 w - a potion of might
 z - 2 potions of cancellation
 C - a potion of heal wounds {unknown}
 E - a potion of degeneration {unknown}
 H - a potion of ambrosia {unknown}
 M - a potion of resistance {unknown}
Comestibles
 c - 5 rations
 L - a chunk of flesh


   Skills:
 + Level 2.9 Fighting
 * Level 5.6 Polearms
 + Level 4.5 Dodging
 - Level 2.1 Stealth
 + Level 3.3 Spellcasting
 - Level 0.7 Conjurations
 - Level 6.0 Ice Magic


You had 6 spell levels left.
You knew the following spells:

 Your Spells              Type           Power        Failure   Level  Hunger
a - Freeze                Ice            ###.         1%          1    None
b - Throw Frost           Conj/Ice       ##....       6%          2    ##.....
c - Ozocubu's Armour      Chrm/Ice       ##......     16%         3    ###....

Your spell library contained the following spells:

 Spells                   Type           Power        Failure   Level  Hunger
 Confuse                  Hex            #.......     45%         3    ###....
 Summon Ice Beast         Ice/Summ       ##......     45%         4    ####...
 Tukima's Dance           Hex            #.......     45%         3    ###....
 Throw Icicle             Conj/Ice       ##......     38%         4    ####...
 Ensorcelled Hibernation  Hex/Ice        ##....       8%          2    ##.....
 Corona                   Hex            #......      17%         1    None
 Dazzling Spray           Conj/Hex       #.....       41%         3    ###....


Dungeon Overview and Level Annotations

Branches:
Dungeon (6/15)             Temple (1/1) D:5

Altars:
Dithmenos
Elyvilon
Gozag
Hepliaklqana
Kikubaaqudgha
Makhleb
Nemelex Xobeh
Okawaru
Sif Muna
Vehumet
Wu Jian
Xom
Yredelemnul
Zin
The Shining One

Annotations:
D:4 1 runed door, Grinder


Message History

You freeze the orc warrior.
The orc warrior is moderately wounded.
The orc warrior hits you with a war axe!
Casting: Freeze (safe; 1% risk of failure)
Confirm with . or Enter, or press ? or * to list all spells.
Aiming: Freeze (safe; 1% risk of failure)
Press: ? - help, Shift-Dir - straight line, f/p - orc warrior
Aim: an orc warrior, wielding a war axe and wearing a chain mail (moderately wounded)
You freeze the orc warrior.
The orc warrior is heavily wounded.
The orc warrior misses you.
Casting: Freeze (safe; 1% risk of failure)
Confirm with . or Enter, or press ? or * to list all spells.
Aiming: Freeze (safe; 1% risk of failure)
Press: ? - help, Shift-Dir - straight line, f/p - orc warrior
Aim: an orc warrior, wielding a war axe and wearing a chain mail (heavily wounded)
You freeze the orc warrior.
The orc warrior is severely wounded.
The orc warrior hits you with a war axe!!
You die...

...........###.#.# #....#
...........#.._..# #....#
...........#.#.#.# #....#
#########..>.....# ##....##
#####....# #......# #....#
#......# ##############...#
#......# ..#.........##..)#
#......# ..#.#........#.#@##
#......# ..#.#........#...o#
##......# ..#.#.............#
#.......#
....#.............###.......#
..#########.#.....#.........#
### ###...............# #####
##### ####............# ....#
#^#^###...............#
....###....##...............#


You could see an orc warrior.

Vanquished Creatures
  An orc warrior (D:5)
  A necrophage (D:5)
  A scorpion (D:5)
  A howler monkey (D:5)
  A crimson imp (D:4)
  A hound (D:4)
  An orc priest (D:6)
  3 worker ants
  8 gnolls
  5 adders
  An ooze (D:2)
  2 worms
  A dart slug (D:1)
  A leopard gecko (D:5)
  12 orcs
  A ball python (D:3)
  3 bats
  7 giant cockroaches
  7 goblins
  7 hobgoblins
  4 jackals
  10 kobolds
  6 quokkas
  5 frilled lizards
  A leopard gecko skeleton (D:4)
  6 rats
  A spectral orc (D:5)
98 creatures vanquished.

Vanquished Creatures (others)
  A black bear (D:3)
  A rat (D:3)
2 creatures vanquished.

Grand Total: 100 creatures vanquished

Notes
Turn   | Place    | Note
-------+----------+-------------------------------------------
     0 | D:1      | tilp the Merfolk Ice Elementalist began the quest for the Orb.
     0 | D:1      | Reached XP level 1. HP: 13/13 MP: 3/3
   350 | D:1      | Reached XP level 2. HP: 19/19 MP: 1/5
   356 | D:1      | Learned a level 2 spell: Throw Frost
   401 | D:1      | Reached skill level 4 in Ice Magic
  1100 | D:2      | Reached XP level 3. HP: 24/24 MP: 6/6
  1270 | D:1      | Learned a level 3 spell: Ozocubu's Armour
  1362 | D:2      | Reached skill level 5 in Ice Magic
  1365 | D:2      | Reached XP level 4. HP: 18/30 MP: 1/7
  2277 | D:3      | You fall through a shaft!
  2301 | D:4      | Found an ancient bone altar of Kikubaaqudgha.
  2394 | D:3      | Reached XP level 5. HP: 27/35 MP: 3/8
  2684 | D:2      | Reached skill level 6 in Ice Magic
  2823 | D:3      | Reached skill level 1 in Polearms
  3137 | D:3      | Killed a black bear
  3198 | D:3      | Found a radiant altar of Vehumet.
  3320 | D:3      | Found a hazy altar of Hepliaklqana.
  3329 | D:3      | Reached skill level 1 in Fighting
  3371 | D:3      | You fall through a shaft!
  3391 | D:4      | Noticed a phantom
  3698 | D:4      | Noticed Grinder
  4002 | D:4      | Reached XP level 6. HP: 41/43 MP: 5/9
  4053 | D:4      | Found a shadowy altar of Dithmenos.
  4453 | D:4      | Found a runed door.
  4630 | D:5      | Entered Level 5 of the Dungeon
  4866 | D:5      | Found an ornate altar of the Wu Jian Council.
  4878 | D:5      | Noticed an orc warrior
  4879 | D:5      | Noticed a necrophage
  4906 | D:5      | Killed an orc warrior
  5284 | D:5      | Reached XP level 7. HP: 51/51 MP: 0/11
  5370 | D:5      | Found a staircase to the Ecumenical Temple.
  5386 | Temple   | Entered the Ecumenical Temple
  5397 | Temple   | Became a worshipper of Makhleb the Destroyer
  5478 | D:5      | Reached skill level 5 in Polearms
  5644 | D:5      | Found a basalt altar of Yredelemnul.
  5778 | D:5      | Slain by an orc warrior

Vault maps used:
D:1:      dpeg_arrival_concentric_ovals, corner_web_ring
D:3:      lemuel_crystal_altar, fiery_altar_vehumet, kennysheep_generic_room_2
D:4:      nicolae_dithmenos_shadow_blocks, lemuel_coloured_pillars_altar,
          first_ration, uniq_crazy_yiuf_cottage, uniq_grinder
D:5:      yredelemnul_forgotten_temple_becter, lemuel_crystal_altar,
          minmay_temple_entry_overgrown
D:6:      nicolae_overflow_crystal_walls, makhleb_blood_cavern_becter,
          uniq_blork_the_orc
Temple:   nicolae_temple_x_marks_the_god

Skill      XL: |  1  2  3  4  5  6  7 |
---------------+----------------------+-----
Ice Magic      | 4 5 6 |  6.0
Polearms       | 3 4 5 |  5.6
Dodging        | 3 4 |  4.5
Fighting       | 1 2 |  2.9
Spellcasting   | 3 |  3.3
Stealth        | |  2.1
Conjurations   | |  0.7

Action                   |  1- 3 |  4- 6 |  7- 9 || total
-------------------------+-------+-------+-------++-------
Melee: Short sword       |    20 |    85 |       ||   105
       Falchion          |       |     1 |    19 ||    20
Throw: Stone             |       |     2 |       ||     2
       Tomahawk          |       |       |     2 ||     2
 Cast: Freeze            |    30 |    98 |    11 ||   139
       Throw Frost       |     1 |     8 |     5 ||    14
       Ozocubu's Armour  |     1 |     9 |     4 ||    14
  Use: Scroll            |       |     9 |       ||     9
 Stab: Sleeping          |     2 |     2 |       ||     4
  Eat: Chunk             |     1 |    12 |       ||    13
       Ration            |       |     1 |     1 ||     2
Armor: Robe              |     7 |    18 |     4 ||    29
Dodge: Dodged            |    34 |   108 |    20 ||   162
       Rpst.: Falchion   |       |     2 |     7 ||     9

Table legend:
 A = Spawn XP
 B = Non-spawn XP
 C = Spawn XP percentage of total XP
 D = Spawn monster count
 E = Non-spawn monster count
 F = Spawn count percentage of total count
 G = Total turns spent on level
                    A         B        C        D         E        F      G
               +---------+---------+-------+---------+---------+-------+---------
         Total |       0 |     948 |   0.0 |       0 |      98 |   0.0 |  5778
               +---------+---------+-------+---------+---------+-------+---------
           D:1 |       0 |      32 |   0.0 |       0 |      18 |   0.0 |  1521
           D:2 |       0 |     120 |   0.0 |       0 |      26 |   0.0 |   955
           D:3 |       0 |      99 |   0.0 |       0 |      23 |   0.0 |  1137
           D:4 |       0 |     168 |   0.0 |       0 |      15 |   0.0 |  1221
           D:5 |       0 |     454 |   0.0 |       0 |      14 |   0.0 |   835
           D:6 |       0 |      75 |   0.0 |       0 |       2 |   0.0 |    90
               +---------+---------+-------+---------+---------+-------+---------
